 Dungeon Sprint DCSS version 0.17-a0-1954-g0dddeaa (webtiles) character file.

60 kosy22 the Ruffian (level 3, -3/55 HPs)
             Began as a Troll Monk on Oct 4, 2015.
             Was a High Priest of Jiyva.
             Slain by an unseen horror (5 damage)
             ... in the Dungeon (Sprint IX: "|||||||||||||||||||||||||||||").
             The game lasted 00:01:59 (230 turns).

kosy22 the Ruffian (Troll Monk)                      Turns: 230, Time: 00:02:01

Health: -3/55      AC: 11    Str: 28    XL:     3   Next: 80%
Magic:  2/2        EV: 13    Int:  6    God:    Jiyva [*****.]
Gold:   0          SH:  0    Dex: 12    Spells: 0 memorised, 2 levels left

rFire  . . .     SeeInvis .     m - +2 morningstar (protect)
rCold  . . .     Clarity  .     a - +0 robe
rNeg   . . .     SustAt   .     (no shield)
rPois  .         Gourm    +     (helmet restricted)
rElec  .         Spirit   .     n - +0 cloak
rCorr  +         Warding  .     (gloves unavailable)
rMut   .         NoTele   +     (boots unavailable)
MR     .....                    (no amulet)
Stlth  ..........               p - +3 ring of strength
                                o - +2 ring of evasion

@: berserking, very slightly contaminated, invisible, very quick, not resistant
to hostile enchantments, extremely unstealthy
A: unfitting armour, claws 3, fast metabolism 3, gourmand, mutation resistance
1, regeneration 2, shaggy fur 1, tough skin 2, acidic bite
a: Request Jelly, Jelly Paralyse, Slimify, Cure Bad Mutation, Renounce Religion


You were in the Dungeon.
You worshipped Jiyva.
Jiyva was extremely pleased with you.
You were not hungry.

You visited 1 branch

Inventory:

Hand weapons
 m - a +2 morningstar of protection (weapon)
Armour
 a - a +0 robe (worn)
 n - a +0 cloak (worn)
Jewellery
 o - a +2 ring of evasion (left claw)
 p - a +3 ring of strength (right claw)
Magical devices
 l - a wand of fire (7)
Scrolls
 h - 2 scrolls of blinking
 j - 3 scrolls of remove curse
 k - 2 scrolls of amnesia
Potions
 c - 3 potions of curing
 d - 2 potions of heal wounds
 e - a potion of haste
 f - 4 potions of magic
Comestibles
 b - 2 bread rations


   Skills:
 + Level 3.5 Fighting
 + Level 3.9 Dodging
 + Level 1.6 Stealth
 + Level 6.6 Unarmed Combat


You had 2 spell levels left.
You didn't know any spells.

Dungeon Overview and Level Annotations

Branches:
Dungeon (1/1)

Altars:
Cheibriados
Dithmenos
Elyvilon
Fedhas
Gozag
Kikubaaqudgha
Makhleb
Nemelex Xobeh
Okawaru
Qazlal
Ru
Sif Muna
Trog
Vehumet
Xom
Yredelemnul
Zin
The Shining One
Beogh
Jiyva
Lugonu


Innate Abilities, Weirdness & Mutations

You are too large for most types of armour.
You have claws for hands.
Your metabolism is lightning-fast.
You like to eat raw meat.
You heal very quickly.
You are covered in fur (AC +1).
You have very tough skin (AC +2).
You are somewhat resistant to further mutation.
You have acidic saliva.


Message History

Something hits you.
You miss something. Something hits you! Something hits you.
* * * LOW HITPOINT WARNING * * *
Something hits you but does no damage.
Drink which item? (? for menu, Esc to quit)
You feel better. Something barely misses you. Something hits you!
* * * LOW HITPOINT WARNING * * *
Something barely misses you.
Drink which item? (? for menu, Esc to quit)
You fade into invisibility!
Something hits you but does no damage.
You are very lightly contaminated with residual magic.
Drink which item? (? for menu, Esc to quit)
A red film seems to cover your vision as you go berserk!
You feel yourself moving faster!
You feel mighty! Something hits you.
* * * LOW HITPOINT WARNING * * *
Something hits you.
* * * LOW HITPOINT WARNING * * *
Something hits you.
You die... ▓▓▓▓▓▓▓▓▓▓▓▓▓▓▓▓▓▓▓▓▓▓▓▓ +oaOoo.@..[.[)|..'______ ▓▓▓▓▓▓▓▓▓▓▓▓▓▓▓▓▓▓▓▓▓▓▓▓

You could see a two-headed ogre, 3 orc warriors and a worker ant.

Vanquished Creatures
  A crimson imp (D)
  A gnoll (D)
  A shadow imp (D)
  An adder zombie (D)
  An orc (D)
  2 goblins (D)
  A kobold (D)
  A bat (D)
  A rat (D)
10 creatures vanquished.

Notes
Turn   | Place    | Note
--------------------------------------------------------------
     0 | D        | kosy22 the Troll Monk began the quest for the Orb.
     0 | D        | Reached XP level 1. HP: 22/22 MP: 0/0
    29 | D        | Noticed a crimson imp
    30 | D        | Reached skill level 5 in Unarmed Combat
    30 | D        | Reached XP level 2. HP: 27/29 MP: 1/1
    44 | D        | Killed a crimson imp
    44 | D        | Reached skill level 6 in Unarmed Combat
    44 | D        | Reached XP level 3. HP: 35/37 MP: 2/2
    51 | D        | Found a glowing silver altar of Zin.
    51 | D        | Found a glowing golden altar of the Shining One.
    51 | D        | Found an ancient bone altar of Kikubaaqudgha.
    51 | D        | Found a basalt altar of Yredelemnul.
    51 | D        | Found a shimmering altar of Xom.
    51 | D        | Found a radiant altar of Vehumet.
    68 | D        | Found an iron altar of Okawaru.
    69 | D        | Found a burning altar of Makhleb.
    70 | D        | Found a deep blue altar of Sif Muna.
    71 | D        | Found a bloodstained altar of Trog.
    72 | D        | Found a sparkling altar of Nemelex Xobeh.
    73 | D        | Found a white marble altar of Elyvilon.
    74 | D        | Found a roughly hewn altar of Beogh.
    75 | D        | Found a viscous altar of Jiyva.
    76 | D        | Found a corrupted altar of Lugonu.
    77 | D        | Found a blossoming altar of Fedhas.
    78 | D        | Found a snail-covered altar of Cheibriados.
    79 | D        | Found a shadowy altar of Dithmenos.
    80 | D        | Found a stormy altar of Qazlal.
    81 | D        | Found an opulent altar of Gozag.
    82 | D        | Found a sacrificial altar of Ru.
    83 | D        | Became a worshipper of Jiyva Jaoni the Shapeless
    83 | D        | Acquired Jiyva's first power
    83 | D        | Acquired Jiyva's second power
   135 | D        | Gained mutation: You evolve. [Jiyva's grace]
   144 | D        | Acquired Jiyva's third power
   144 | D        | Lost mutation: You evolve. [Jiyva's grace]
   144 | D        | Acquired Jiyva's fourth power
   144 | D        | Gained mutation: You are somewhat resistant to further mutation. [Jiyva's grace]
   144 | D        | Gained mutation: You have acidic saliva. [Jiyva's grace]
   219 | D        | Noticed an orc warrior
   219 | D        | Noticed a worker ant
   219 | D        | Noticed a two-headed ogre
   219 | D        | Noticed an orc warrior
   219 | D        | Noticed an orc warrior
   230 | D        | HP: 2/55 [something (3)]
   230 | D        | Slain by an unseen horror

Vault maps used:
D:        linesprint

Action                   || total
-------------------------++-------
Melee: Unarmed           ||    33
       Morningstar       ||     5
  Use: Potion            ||     5
 Stab: Sleeping          ||     1
